MLB
MILWAUKEE BREWERS @ CLEVELAND INDIANS
08/10/2045
 
TOP OF THE 1ST
Milwaukee Brewers batting - Pitching for Cleveland Indians : RHP Apostolos Tsatsos
Pitching: RHP Apostolos Tsatsos
Batting: SHB Jamel Wright 0-0: Foul Ball, location: 2F
0-1: Ball
1-1: Fly out, F8 (Line Drive, 8RM, EV 85.6 MPH)
Batting: RHB Adrian Rudkilde 0-0: Called Strike
0-1: Called Strike
0-2: Strikes out swinging
Batting: SHB Lewis Thorpe Jr. 0-0: Ball
1-0: SINGLE (Line Drive, 6D, EV 101.2 MPH)
Batting: RHB Bobby Muniz 0-0: Ball
Lewis Thorpe Jr. steals 2nd, throwing error, E2
Lewis Thorpe Jr. to third
1-0: Ball
2-0: Swinging Strike
2-1: Swinging Strike
2-2: Strikes out looking
Top of the 1st over - 0 runs, 1 hit, 1 error, 1 left on base; Milwaukee 0 - Cleveland 0
BOTTOM OF THE 1ST
Cleveland Indians batting - Pitching for Milwaukee Brewers : RHP Cody Autry
Pitching: RHP Cody Autry
Batting: LHB Arvin Dungca 0-0: Called Strike
0-1: Ball
1-1: Called Strike
1-2: Foul Ball, location: 2F
1-2: Fly out, F4 (Flyball, 34D, EV 80.6 MPH)
Batting: LHB Hector Pedroso 0-0: Ball
1-0: Ground out 4-3 (Groundball, 4, EV 80.6 MPH)
Batting: RHB Hiroshige Yamada 0-0: Fly out, F7 (Flyball, 7LD, EV 100.6 MPH)
Bottom of the 1st over - 0 runs, 0 hits, 0 errors, 0 left on base; Milwaukee 0 - Cleveland 0
TOP OF THE 2ND
Milwaukee Brewers batting - Pitching for Cleveland Indians : RHP Apostolos Tsatsos
Batting: RHB Noah Stanley 0-0: Called Strike
0-1: Ball
1-1: Foul Ball, location: 2F
1-2: Foul Ball, location: 2F
1-2: Ball
2-2: Strikes out looking
Batting: RHB Daniel Donovan 0-0: Called Strike
0-1: Called Strike
0-2: Strikes out looking
Batting: RHB Emilio Gallegos 0-0: Ball
1-0: Ball
2-0: Swinging Strike
2-1: SOLO HOME RUN (Line Drive, 78XD, EV 112.5 MPH), Distance : 404 ft
Batting: RHB Kisho Ito 0-0: Ball
1-0: Called Strike
1-1: Fly out, F7 (Flyball, 7D, EV 104.4 MPH)
Top of the 2nd over - 1 run, 1 hit, 0 errors, 0 left on base; Milwaukee 1 - Cleveland 0
BOTTOM OF THE 2ND
Cleveland Indians batting - Pitching for Milwaukee Brewers : RHP Cody Autry
Batting: RHB Shigem Kubo 0-0: Called Strike
0-1: Called Strike
0-2: Strikes out swinging
Batting: RHB Ji-an Li 0-0: Foul Ball, location: 2F
0-1: Ball
1-1: Swinging Strike
1-2: Foul Ball, location: 2F
1-2: Strikes out swinging
Batting: RHB Doug Hammertime 0-0: Called Strike
0-1: Foul Ball, location: 2F
0-2: Ball
1-2: Fly out, F6 (Flyball, 4MD, EV 83.1 MPH)
Bottom of the 2nd over - 0 runs, 0 hits, 0 errors, 0 left on base; Milwaukee 1 - Cleveland 0
TOP OF THE 3RD
Milwaukee Brewers batting - Pitching for Cleveland Indians : RHP Apostolos Tsatsos
Batting: RHB Ben Campbell 0-0: Ball
1-0: Ball
2-0: Ball
3-0: Ground out 5-3 (Groundball, 56, EV 87.5 MPH)
Batting: SHB Jamel Wright 0-0: Ball
1-0: Fly out, F8 (Flyball, 8RS, EV 90.6 MPH)
Batting: RHB Adrian Rudkilde 0-0: Ball
1-0: Called Strike
1-1: Called Strike
1-2: Foul Ball, location: 2F
1-2: Strikes out looking
Top of the 3rd over - 0 runs, 0 hits, 0 errors, 0 left on base; Milwaukee 1 - Cleveland 0
BOTTOM OF THE 3RD
Cleveland Indians batting - Pitching for Milwaukee Brewers : RHP Cody Autry
Batting: RHB Drtian Thaqi 0-0: SOLO HOME RUN (Flyball, 9D, EV 93.1 MPH), Distance : 358 ft
Batting: RHB Marty King 0-0: Called Strike
0-1: Ball
1-1: Called Strike
1-2: Ball
2-2: Ground out 3-1 (Groundball, 34S, EV 82.5 MPH)
Batting: RHB Carlos Lopez 0-0: Ball
1-0: Swinging Strike
1-1: Ball
2-1: Foul Ball, location: 2F
2-2: Strikes out swinging
Batting: LHB Arvin Dungca 0-0: Ball
1-0: Foul Ball, location: 2F
1-1: Ball
2-1: Fly out, F7 (Flyball, 7, EV 88.1 MPH)
Bottom of the 3rd over - 1 run, 1 hit, 0 errors, 0 left on base; Milwaukee 1 - Cleveland 1
TOP OF THE 4TH
Milwaukee Brewers batting - Pitching for Cleveland Indians : RHP Apostolos Tsatsos
Batting: SHB Lewis Thorpe Jr. 0-0: Ball
1-0: Hit by Pitch
Batting: RHB Bobby Muniz 0-0: Ball
1-0: Called Strike
Lewis Thorpe Jr. steals 2nd base
1-1: Ball
2-1: Ball
3-1: Called Strike
3-2: Foul Ball, location: 2F
3-2: Strikes out looking
Batting: RHB Noah Stanley 0-0: Ball
1-0: Ball
2-0: Called Strike
2-1: Called Strike
Lewis Thorpe Jr. steals 3rd base
2-2: SINGLE (Line Drive, 9S, EV 96.9 MPH)
Lewis Thorpe Jr. scores
Batting: RHB Daniel Donovan 0-0: Ball
1-0: Foul Ball, location: 2F
1-1: Foul Ball, location: 2F
1-2: Hit by Pitch
Noah Stanley to second
Pinch Runner at 1st Pat Wilson:
Batting: RHB Emilio Gallegos 0-0: Ball
1-0: Foul Ball, location: 2F
1-1: Fly out, F3 (Line Drive, 3, EV 65.0 MPH)
Batting: RHB Kisho Ito 0-0: Fly out, F7 (Flyball, 7LM, EV 86.2 MPH)
Top of the 4th over - 1 run, 1 hit, 0 errors, 2 left on base; Milwaukee 2 - Cleveland 1
BOTTOM OF THE 4TH
Cleveland Indians batting - Pitching for Milwaukee Brewers : RHP Cody Autry
Now in LF: Pat Wilson
Batting: LHB Hector Pedroso 0-0: Ball
1-0: Foul Ball, location: 2F
1-1: Called Strike
1-2: Foul Ball, location: 2F
1-2: Ball
2-2: Foul Ball, location: 2F
2-2: SOLO HOME RUN (Flyball, 9LD, EV 91.2 MPH), Distance : 337 ft
Batting: RHB Hiroshige Yamada 0-0: Swinging Strike
0-1: Foul Ball, location: 2F
0-2: Ground out 6-3 (Groundball, 6MS, EV 90.0 MPH)
Batting: RHB Shigem Kubo 0-0: Called Strike
0-1: Ball
1-1: Swinging Strike
1-2: Ball
2-2: Strikes out swinging
Batting: RHB Ji-an Li 0-0: Called Strike
0-1: Swinging Strike
0-2: Ball
1-2: Strikes out swinging
Bottom of the 4th over - 1 run, 1 hit, 0 errors, 0 left on base; Milwaukee 2 - Cleveland 2
TOP OF THE 5TH
Milwaukee Brewers batting - Pitching for Cleveland Indians : RHP Apostolos Tsatsos
Batting: RHB Ben Campbell 0-0: Ground out 6-3 (Groundball, 6MD, EV 83.1 MPH)
Batting: SHB Jamel Wright 0-0: Ball
1-0: Fly out, F8 (Line Drive, 8LD, EV 95.6 MPH)
Batting: RHB Adrian Rudkilde 0-0: Called Strike
0-1: Ball
1-1: Ball
2-1: Called Strike
2-2: DOUBLE (Flyball, 78D, EV 94.4 MPH)
Batting: SHB Lewis Thorpe Jr. 0-0: Ball
1-0: SINGLE (Groundball, 4M, EV 106.9 MPH) (infield hit)
Adrian Rudkilde to third
Batting: RHB Bobby Muniz 0-0: Ball
1-0: Ball
2-0: Ball
3-0: Base on Balls
Lewis Thorpe Jr. to second
Batting: RHB Noah Stanley 0-0: Ground out 6-3 (Groundball, 6MS, EV 67.5 MPH)
Top of the 5th over - 0 runs, 2 hits, 0 errors, 3 left on base; Milwaukee 2 - Cleveland 2
BOTTOM OF THE 5TH
Cleveland Indians batting - Pitching for Milwaukee Brewers : RHP Cody Autry
Batting: RHB Doug Hammertime 0-0: Foul Ball, location: 2F
0-1: Ball
1-1: Ball
2-1: Ball
3-1: DOUBLE (Line Drive, 8LXD, EV 110.0 MPH)
Batting: RHB Drtian Thaqi 0-0: Ball
1-0: Ball
2-0: Ball
3-0: Base on Balls
Batting: RHB Marty King 0-0: Grounds into double play, 6-4-3 (Groundball, 6, EV 107.5 MPH)
Doug Hammertime to third
Batting: RHB Carlos Lopez 0-0: Ball
1-0: Fly out, F9 (Flyball, 9D, EV 90.6 MPH)
Bottom of the 5th over - 0 runs, 1 hit, 0 errors, 1 left on base; Milwaukee 2 - Cleveland 2
TOP OF THE 6TH
Milwaukee Brewers batting - Pitching for Cleveland Indians : RHP Apostolos Tsatsos
Batting: SHB Pat Wilson 0-0: Ball
1-0: Ground out U3 (Groundball, 34, EV 102.5 MPH)
Batting: RHB Emilio Gallegos 0-0: SINGLE (Groundball, 6S, EV 74.4 MPH) (infield hit)
Batting: RHB Kisho Ito 0-0: Ball
1-0: Foul Ball, location: 2F
1-1: Ball
2-1: Ball
3-1: Foul Ball, location: 2F
3-2: Fly out, F7 (Flyball, 7, EV 90.6 MPH)
Batting: RHB Ben Campbell 0-0: Ball
Emilio Gallegos is caught stealing 2nd base 2-4
Top of the 6th over - 0 runs, 1 hit, 0 errors, 0 left on base; Milwaukee 2 - Cleveland 2
BOTTOM OF THE 6TH
Cleveland Indians batting - Pitching for Milwaukee Brewers : RHP Cody Autry
Batting: LHB Arvin Dungca 0-0: Called Strike
0-1: Ball
1-1: Swinging Strike
1-2: Ball
2-2: Foul Ball, location: 2F
2-2: Strikes out swinging
Batting: LHB Hector Pedroso 0-0: Ball
1-0: Called Strike
1-1: Ball
2-1: SINGLE (Flyball, 3D, EV 86.2 MPH)
Batting: RHB Hiroshige Yamada 0-0: Ball
1-0: Ball
2-0: Ball
3-0: Called Strike
3-1: Foul Ball, location: 2F
3-2: Ground out 5-3 (Groundball, 56, EV 83.1 MPH)
Hector Pedroso to second
Batting: RHB Shigem Kubo 0-0: Called Strike
0-1: Ball
1-1: Ball
2-1: Foul Ball, location: 2F
2-2: Ball
3-2: Base on Balls
Batting: RHB Ji-an Li 0-0: Ball
1-0: Called Strike
1-1: Ball
2-1: Swinging Strike
2-2: Foul Ball, location: 2F
2-2: Strikes out swinging
Bottom of the 6th over - 0 runs, 1 hit, 0 errors, 2 left on base; Milwaukee 2 - Cleveland 2
TOP OF THE 7TH
Milwaukee Brewers batting - Pitching for Cleveland Indians : RHP Apostolos Tsatsos
Batting: RHB Ben Campbell 0-0: Swinging Strike
0-1: Ball
1-1: Ball
2-1: Called Strike
2-2: Ground out U3 (Groundball, 34, EV 85.0 MPH)
Batting: SHB Jamel Wright 0-0: Swinging Strike
0-1: Foul Ball, location: 2F
0-2: Ball
1-2: Foul Ball, location: 2F
1-2: Ball
2-2: Strikes out swinging
Batting: RHB Adrian Rudkilde 0-0: Ball
1-0: Foul Ball, location: 2F
1-1: Ball
2-1: SOLO HOME RUN (Flyball, 7D, EV 97.5 MPH), Distance : 381 ft
Batting: SHB Lewis Thorpe Jr. 0-0: Ball
1-0: Ball
2-0: Foul Ball, location: 2F
2-1: Foul Ball, location: 2F
2-2: Ball
3-2: Foul Ball, location: 2F
3-2: DOUBLE (Line Drive, 89M, EV 93.8 MPH)
Pitching: RHP Jon Glenn
Batting: RHB Bobby Muniz 0-0: Ball
1-0: Called Strike
1-1: Swinging Strike
1-2: Ball
2-2: Strikes out swinging
Top of the 7th over - 1 run, 2 hits, 0 errors, 1 left on base; Milwaukee 3 - Cleveland 2
BOTTOM OF THE 7TH
Cleveland Indians batting - Pitching for Milwaukee Brewers : RHP Cody Autry
Batting: RHB Doug Hammertime 0-0: Swinging Strike
0-1: DOUBLE (Flyball, 7LD, EV 113.1 MPH)
Batting: RHB Drtian Thaqi 0-0: Bunted foul
0-1: Sac Bunt to 15 - play at first, batter OUT! 1-4
Doug Hammertime to third
Batting: RHB Marty King 0-0: Ball
1-0: Ball
2-0: Swinging Strike
2-1: Ground out 5-3 (Groundball, 56S, EV 65.0 MPH)
Batting: RHB Carlos Lopez 0-0: Called Strike
0-1: Fly out, F7 (Flyball, 7, EV 91.9 MPH)
Bottom of the 7th over - 0 runs, 1 hit, 0 errors, 1 left on base; Milwaukee 3 - Cleveland 2
TOP OF THE 8TH
Milwaukee Brewers batting - Pitching for Cleveland Indians : RHP Jon Glenn
Batting: RHB Noah Stanley 0-0: Foul Ball, location: 2F
0-1: Swinging Strike
0-2: Strikes out swinging
Batting: SHB Pat Wilson 0-0: Called Strike
0-1: Ball
1-1: Ball
2-1: Ball
3-1: Foul Ball, location: 2F
3-2: Foul Ball, location: 2F
3-2: Base on Balls
Batting: RHB Emilio Gallegos 0-0: Ball
1-0: Ball
2-0: Called Strike
2-1: Called Strike
2-2: Ground out 6-3 (Groundball, 6, EV 83.8 MPH)
Pat Wilson to second
Batting: RHB Kisho Ito 0-0: Ball
1-0: Called Strike
1-1: Foul Ball, location: 2F
1-2: Strikes out looking
Top of the 8th over - 0 runs, 0 hits, 0 errors, 1 left on base; Milwaukee 3 - Cleveland 2
BOTTOM OF THE 8TH
Cleveland Indians batting - Pitching for Milwaukee Brewers : RHP Cody Autry
Pitching: RHP Oleg Bahanov
Batting: LHB Arvin Dungca 0-0: Called Strike
0-1: Ball
1-1: Swinging Strike
1-2: Ball
2-2: Strikes out looking
Batting: LHB Hector Pedroso 0-0: Ball
1-0: Foul Ball, location: 2F
1-1: Swinging Strike
1-2: Ball
2-2: Strikes out swinging
Batting: RHB Hiroshige Yamada 0-0: Called Strike
0-1: Ground out 6-3 (Groundball, 6, EV 100.0 MPH)
Bottom of the 8th over - 0 runs, 0 hits, 0 errors, 0 left on base; Milwaukee 3 - Cleveland 2
TOP OF THE 9TH
Milwaukee Brewers batting - Pitching for Cleveland Indians : RHP Jon Glenn
Batting: RHB Ben Campbell 0-0: Called Strike
0-1: Foul Ball, location: 2F
0-2: Foul Ball, location: 2F
0-2: Ball
1-2: Ball
2-2: Foul Ball, location: 2F
2-2: Strikes out looking
Batting: SHB Jamel Wright 0-0: Ball
1-0: Ball
2-0: Fly out, F6 (Flyball, 6D, EV 86.9 MPH)
Batting: RHB Adrian Rudkilde 0-0: Ground out 6-3 (Groundball, 6, EV 82.5 MPH)
Top of the 9th over - 0 runs, 0 hits, 0 errors, 0 left on base; Milwaukee 3 - Cleveland 2
BOTTOM OF THE 9TH
Cleveland Indians batting - Pitching for Milwaukee Brewers : RHP Oleg Bahanov
Pitching: RHP John York
Batting: RHB Shigem Kubo 0-0: Called Strike
0-1: Foul Ball, location: 2F
0-2: Strikes out looking
Pinch Hitting: LHB Danny Dunham 0-0: Ball
1-0: Called Strike
1-1: Ball
2-1: Called Strike
2-2: Strikes out swinging
Batting: RHB Doug Hammertime 0-0: Ball
1-0: Swinging Strike
1-1: Ball
2-1: Ball
3-1: Foul Ball, location: 2F
3-2: Strikes out looking
Bottom of the 9th over - 0 runs, 0 hits, 0 errors, 0 left on base; Milwaukee 3 - Cleveland 2
Wednesday, June 22nd , 2022 - OOTP Baseball 23.4 Build 64